 Dungeon Crawl Stone Soup version 0.24-a0-22-g2a401c0 (webtiles) character file.

Game seed: 18252753521715614547

232109 ohad the Warrior (level 19, -1/206 HPs)
             Began as an Ogre Berserker on Feb 1, 2019.
             Was a High Priest of Trog.
             Slain by an entropy weaver (11 damage)
             ... on level 1 of the Vaults.
             The game lasted 02:22:59 (50653 turns).

ohad the Warrior (Ogre Berserker)                  Turns: 50653, Time: 02:22:59

Health: -1/206     AC:  5    Str: 24    XL:     19   Next: 7%
Magic:  20/20      EV:  8    Int:  8    God:    Trog [*****.]
Gold:   1657       SH: 14    Dex: 14    Spells: 18/18 levels left

rFire    + + .     SeeInvis +   K - +6 flail of the Valley of Death {elec, rElec rC- MR++ SInv}
rCold    . . .     Gourm    .   D - +2 shield
rNeg     . . .     Faith    .   t - +3 gold dragon scales
rPois    +         Spirit   .   Q - +1 hat
rElec    +         Reflect  .   R - +1 cloak {rPois}
rCorr    .         Harm     .   (gloves unavailable)
MR       +++..                  (boots unavailable)
Stlth    ..........             (no amulet)
HPRegen  0.44/turn              G - ring of protection from fire
MPRegen  0.17/turn              s - +2 ring of slaying

@: corroded, lightly drained
A: large, unfitting armour, molten scales 1, screaming 1, tough skin 1, weak 1,
subdued magic 1
}: 2/15 runes: decaying, serpentine
a: Berserk, Trog's Hand, Brothers in Arms, Renounce Religion


You were on level 1 of the Vaults.
You worshipped Trog.
Trog was extremely pleased with you.
You were not hungry.

You visited 6 branches of the dungeon, and saw 32 of its levels.
You also visited: Sewer and Ice Cave.

You collected 4077 gold pieces.
You spent 2420 gold pieces at shops.

Inventory:

Hand Weapons
 e - a +1 flail of holy wrath
 i - a +4 antimagic great mace
 m - a +2 great mace of holy wrath
 C - a +2 giant club of crushing
 I - a +2 demon whip of draining
 K - the +6 flail of the Valley of Death (weapon) {elec, rElec rC- MR++ SInv}
   (Trog gifted it to you on level 6 of the Lair of Beasts)

   Occasionally, upon striking a foe, it will discharge some electrical energy
   and cause terrible harm.
   It makes you vulnerable to cold.
   It insulates you from electricity.
   It affects your resistance to hostile enchantments.
   It lets you see invisible.
 M - a +0 giant spiked club
 P - a +3 antimagic morningstar
 Y - a +8 eveningstar of holy wrath
Missiles
 w - a throwing net
 B - 8 javelins of returning
 S - 12 large rocks (quivered)
 U - 4 steel javelins
 X - 4 steel tomahawks
Armour
 d - +0 ice dragon scales
 t - +3 gold dragon scales (worn)
 D - a +2 shield (worn)
 H - the +0 shield of Distant Shores {rF++ MR- Dex+5}
   (You found it on level 13 of the Dungeon)

   It affects your dexterity (+5).
   It greatly protects you from fire.
   It affects your resistance to hostile enchantments.
 J - +0 fire dragon scales
 Q - a +1 hat (worn)
 R - a +1 cloak of poison resistance (worn)
 Z - a +2 large shield of protection
Jewellery
 p - an uncursed ring of fire
 s - a +2 ring of slaying (right hand)
 G - a ring of protection from fire (left hand)
 L - the amulet of the Air {Inacc +Fly rElec EV+5 RMsl}
   (You found it in an ice cave)

   [amulet of inaccuracy]

   It reduces the accuracy of all your attacks.
   It affects your evasion (+5).
   It insulates you from electricity.
   It lets you fly.
   It protects you from missiles.
 W - an uncursed ring of flight
Wands
 r - a wand of iceblast (49)
 z - a wand of scattershot (19)
Scrolls
 k - 11 scrolls of remove curse
 l - 2 scrolls of summoning
 q - 6 scrolls of blinking
 v - 4 scrolls of fog
 x - 9 scrolls of magic mapping
 y - 11 scrolls of teleportation
 E - 14 scrolls of identify
 F - 6 scrolls of immolation
 T - 4 scrolls of fear
Potions
 a - 2 potions of cancellation
 f - 2 potions of haste
 g - 5 potions of agility
 h - 6 potions of curing
 n - 11 potions of flight
 N - a potion of berserk rage {unknown}
 O - 2 potions of invisibility
 V - 2 potions of resistance
Miscellaneous
 b - a phial of floods
 j - a fan of gales
 u - a box of beasts
Comestibles
 c - 16 rations
 o - 4 chunks of flesh


   Skills:
 + Level 16.8(16.3) Fighting
 * Level 16.7(16.2) Maces & Flails
 - Level 5.6(5.1) Throwing
 - Level 15.3(14.7) Armour
 - Level 11.5(11.0) Dodging
 - Level 10.1(9.6) Shields
 - Level 2.2(1.8) Evocations


You had 18 spell levels left.
You didn't know any spells.
Your spell library was empty.

Dungeon Overview and Level Annotations

Branches:
Dungeon (15/15)            Temple (0/1) D:7            Lair (6/6) D:8
  Swamp (4/4) Lair:2        Snake (4/4) Lair:3        Slime (0/5) Lair:5
    Orc (2/2) D:10            Elf (0/3) Orc:2        Vaults (1/5) D:14
 Depths (0/5) D:15

Altars:
Gozag
Nemelex Xobeh
Xom
The Shining One
Beogh
Jiyva
Lugonu

Shops:
D:14 !   Orc:1 [   Orc:2 %[(*

Portals:
Trove: D:11 (give 3 potions of resistance)

Annotations:
Lair:5 exclusion: 3 oklob plants
Snake:4 exclusion: Roxanne, Roxanne


Innate Abilities, Weirdness & Mutations

You are too large for most types of armour.
You have tough skin. (AC +1)
You are partially covered in molten scales. (AC +2)
You occasionally shout uncontrollably at your foes.
You are weak. (Str -2)
Your spells are a little easier to cast, but a little less powerful.


Message History

The entropy weaver hits you. x2
* * * LOW HITPOINT WARNING * * *
You block the entropy weaver's attack. The entropy weaver hits you!
* * * LOW HITPOINT WARNING * * *
The redback bites you!
* * * LOW HITPOINT WARNING * * *
You are poisoned.
The redback poisons you! You block the redback's attack.
You feel better. You block the entropy weaver's attack.
The entropy weaver hits you!
* * * LOW HITPOINT WARNING * * *
The entropy weaver hits you!
* * * LOW HITPOINT WARNING * * *
The entropy weaver barely misses you. You block the redback's attack. x2
The entropy weaver hits you.
* * * LOW HITPOINT WARNING * * *
The entropy weaver hits you!
* * * LOW HITPOINT WARNING * * *
The entropy weaver hits you!
You die...

...... ....# ....#
...# ...# ########..#
#......#as#
#......#@s#
#......'..#
#......#..#
#......#.....
#..>...#.########
#......#.#....... #..
#......#.#.......
#...#......#.#.......
#...+......#.#.......


You could see an entropy weaver and 2 redbacks.

Vanquished Creatures
  Vashnia (Snake:3)
  Jorgrun (Swamp:1)
  2 thorn hunters (Swamp:3)
  Agnes (Snake:4)
  Kirke (Lair:5)
  6 nagarajas
  Louise (Snake:4)
  An orc warlord (Orc:2)
  An ironheart preserver (Vaults:1)
  A deep elf demonologist (Vaults:1)
  Snorg (Lair:4)
  Josephine (Snake:1)
  A deep elf death mage (Vaults:1)
  2 fire dragons (D:15)
  An ogre mage (D:15)
  16 hydras
  Fannar (Orc:1)
  21 naga warriors
  A shambling mangrove (Lair:2)
  3 ice dragons
  11 anacondas
  Erica (D:8)
  2 centaur warriors
  3 ghost crabs
  A catoblepas (Lair:3)
  7 alligators
  10 two-headed ogres
  10 death yaks
  An orc high priest (Orc:2)
  21 naga sharpshooters
  Nergalle (Lair:1)
  5 shock serpents
  A deep elf knight (Vaults:1)
  21 slime creatures
  2 spriggan druids (Swamp:3)
  An unseen horror (D:15)
  12 swamp dragons
  A wizard (D:14)
  11 naga ritualists
  Pikel (D:7)
  2 orc knights
  3 deep elf magi
  An oklob plant (Lair:3)
  A wolf spider zombie (D:15)
  13 mana vipers
  2 ugly things
  11 salamanders
  3 orc sorcerers
  3 cyclopes
  Joseph (D:8)
  2 guardian serpents
  24 naga magi
  48 black mambas
  2 ice statues (IceCv)
  13 spiny frogs
  A torpor snail (Lair:4)
  A kobold demonologist (D:14)
  Psyche (D:7)
  4 orange demons (D:12)
  A gargoyle (D:13)
  A rime drake (shapeshifter) (D:14)
  An efreet (D:14)
  5 rime drakes
  A yaktaur (Vaults:1)
  4 komodo dragons
  3 red devils (D:12)
  A queen bee (D:9)
  3 trolls
  11 polar bears
  Grinder (D:3)
  A raiju (shapeshifter) (Vaults:1)
  13 hippogriffs
  Prince Ribbit (D:7)
  A dream sheep (Lair:6)
  3 tyrant leeches
  18 hornets
  8 blink frogs
  3 bog bodies
  2 vampires
  A shadow (D:11)
  21 spriggans
  2 redbacks (Vaults:1)
  5 wyverns
  6 wraiths
  3 basilisks
  35 yaks
  15 vampire mosquitoes
  A hungry ghost (D:7)
  2 wargs (Orc:1)
  45 nagas
  16 insubstantial wisps
  12 swamp worms
  A soldier ant (D:12)
  Duvessa (D:6)
  9 water moccasins
  10 porcupines
  14 swamp drakes
  17 ice beasts
  2 sky beasts
  23 orc warriors
  13 black bears
  16 ogres
  3 phantoms
  4 necrophages
  21 wolves
  9 boggarts
  6 centaurs
  9 crocodiles
  5 big kobolds
  12 bullfrogs
  A wyvern zombie (D:6)
  3 gnoll sergeants
  Dowan (D:6)
  25 killer bees
  4 scorpions
  5 electric eels (D:8)
  11 wights
  2 centaur zombies
  4 crimson imps
  5 howler monkeys
  3 quasits
  8 jellies
  21 orc priests
  A gnoll shaman (D:7)
  13 hounds
  4 bullfrog skeletons
  4 centaur skeletons
  Jessica (D:3)
  2 iguanas
  Ijyb (D:4)
  22 orc wizards
  Natasha (thrice) (D:3)
  6 worker ants
  2 hound skeletons
  20 gnolls
  2 river rats (Sewer)
  10 adders
  5 shadow imps
  An adder zombie (D:7)
  4 worms
  2 dart slugs
  7 leopard geckos
  80 orcs
  A ball python (D:1)
  8 bats
  3 giant cockroaches
  6 hobgoblins
  4 jackals
  A quokka (D:3)
  3 frilled lizards
  5 goblins
  24 kobolds
  A quokka zombie (D:7)
  6 rats
  2 briar patches (Swamp:3)
1091 creatures vanquished.

Vanquished Creatures (collateral kills)
  An alligator (Swamp:1)
  2 vampire mosquitoes (Swamp:1)
3 creatures vanquished.

Vanquished Creatures (others)
  Asterion (Snake:1)
  A rime drake (Swamp:4)
  An insubstantial wisp (Swamp:4)
  A naga (Snake:1)
  3 slaves (D:8)
  2 orcs
  4 fungi
  3 plants
16 creatures vanquished.

Grand Total: 1110 creatures vanquished

Notes
Turn   | Place    | Note
-------+----------+-------------------------------------------
     0 | D:1      | ohad the Ogre Berserker began the quest for the Orb.
     0 | D:1      | Reached XP level 1. HP: 24/24 MP: 1/1
    94 | D:1      | Reached XP level 2. HP: 17/32 MP: 2/2
   339 | D:1      | Found a sparkling altar of Nemelex Xobeh.
   710 | D:1      | Reached XP level 3. HP: 34/39 MP: 3/3
  1198 | D:2      | Reached ** piety under Trog
  1444 | D:2      | Reached XP level 4. HP: 48/48 MP: 4/4
  1735 | D:2      | Found an opulent altar of Gozag.
  1929 | D:3      | Noticed Jessica
  1941 | D:3      | Killed Jessica
  1976 | D:3      | Found a glowing drain.
  2005 | Sewer    | Entered a sewer
  2020 | Sewer    | Reached skill level 5 in Maces & Flails
  2020 | Sewer    | Reached XP level 5. HP: 17/54 MP: 5/5
  2296 | Sewer    | Noticed a big kobold
  2324 | Sewer    | Killed a big kobold
  2502 | Sewer    | Found a white marble altar of Elyvilon.
  2600 | D:3      | Noticed Natasha
  2626 | D:3      | Killed Natasha
  3018 | D:3      | Reached XP level 6. HP: 59/62 MP: 6/6
  3130 | D:3      | Noticed Natasha
  3140 | D:3      | Killed Natasha
  3140 | D:3      | Reached skill level 1 in Shields
  3167 | D:3      | Noticed Grinder
  3184 | D:3      | Killed Grinder
  3184 | D:3      | Reached XP level 7. HP: 55/70 MP: 7/7
  3269 | D:3      | Noticed Natasha
  3275 | D:3      | Killed Natasha
  3498 | D:4      | Reached *** piety under Trog
  3665 | D:4      | Reached skill level 5 in Shields
  3808 | D:4      | Noticed Ijyb
  3815 | D:4      | Killed Ijyb
  3952 | D:4      | Reached XP level 8. HP: 64/78 MP: 8/8
  4397 | D:5      | Entered Level 5 of the Dungeon
  5514 | D:6      | Noticed Dowan
  5515 | D:6      | Noticed Duvessa
  5545 | D:6      | Killed Dowan
  5563 | D:6      | Killed Duvessa
  5799 | D:6      | Reached XP level 9. HP: 65/84 MP: 9/9
  5921 | D:6      | Gained mutation: You are weak. (Str -2) [potion of
                  | mutation]
  5921 | D:6      | Gained mutation: Your spells are a little easier to cast,
                  | but a little less powerful. [potion of mutation]
  5921 | D:6      | Gained mutation: You occasionally shout uncontrollably at
                  | your foes. [potion of mutation]
  5921 | D:6      | Gained mutation: You are partially covered in molten
                  | scales. (AC +2) [potion of mutation]
  6764 | D:7      | Found a flagged portal.
  7031 | D:7      | Noticed Prince Ribbit
  7041 | D:7      | Killed Prince Ribbit
  7041 | D:7      | Reached skill level 10 in Shields
  7396 | D:7      | Reached **** piety under Trog
  8377 | D:7      | Reached XP level 10. HP: 63/92 MP: 10/10
  8496 | D:7      | Found a staircase to the Ecumenical Temple.
  8570 | D:8      | Noticed a two-headed ogre
  8571 | D:8      | Noticed Pikel
  8617 | D:7      | Killed Pikel
  8893 | D:8      | Noticed Psyche
  8900 | D:7      | Killed a two-headed ogre
  9256 | D:7      | Reached skill level 10 in Maces & Flails
  9314 | D:8      | Noticed Joseph
  9539 | D:8      | Noticed Erica
  9550 | D:8      | Killed Erica
  9913 | D:7      | Killed Psyche
  9913 | D:7      | Reached skill level 1 in Armour
 10001 | D:8      | Reached XP level 11. HP: 100/100 MP: 11/11
 10023 | D:8      | Killed Joseph
 10057 | D:8      | Found a staircase to the Lair.
 10357 | D:8      | Noticed a centaur warrior
 10384 | D:8      | Killed a centaur warrior
 10762 | D:9      | Found a glowing golden altar of the Shining One.
 10825 | D:8      | Reached skill level 1 in Throwing
 11089 | D:8      | Noticed a two-headed ogre
 11200 | D:8      | Killed a two-headed ogre
 11200 | D:8      | Received a gift from Trog
 11508 | D:9      | Reached ***** piety under Trog
 11513 | D:9      | Noticed a two-headed ogre
 11542 | D:9      | Killed a two-headed ogre
 12154 | D:9      | Received a gift from Trog
 12301 | D:10     | Entered Level 10 of the Dungeon
 12718 | D:10     | Reached skill level 5 in Dodging
 12740 | D:10     | Found a staircase to the Orcish Mines.
 13017 | D:10     | Reached XP level 12. HP: 104/107 MP: 12/12
 13329 | Lair:1   | Entered Level 1 of the Lair of Beasts
 13380 | Lair:1   | Noticed Nergalle
 13402 | Lair:1   | Killed Nergalle
 13402 | Lair:1   | Reached skill level 5 in Fighting
 13583 | Lair:1   | Noticed a five-headed hydra
 13604 | Lair:1   | Killed a five-headed hydra
 13798 | Lair:1   | Noticed a seven-headed hydra
 13819 | Lair:1   | Killed a seven-headed hydra
 14534 | Lair:2   | Found a staircase to the Swamp.
 14553 | Lair:2   | Reached skill level 10 in Fighting
 15018 | Lair:2   | Reached skill level 5 in Armour
 15807 | Lair:3   | Received a gift from Trog
 15859 | Lair:3   | Found a staircase to the Snake Pit.
 16292 | Lair:4   | Reached XP level 13. HP: 118/133 MP: 13/13
 16574 | Lair:4   | Noticed Snorg
 16581 | Lair:4   | Killed Snorg
 17803 | Lair:5   | Found a staircase to the Slime Pits.
 17803 | Lair:5   | Found a viscous altar of Jiyva.
 18681 | Lair:5   | Noticed Kirke
 18695 | Lair:5   | Killed Kirke
 19125 | Lair:6   | Entered Level 6 of the Lair of Beasts
 19427 | Lair:5   | Reached skill level 15 in Maces & Flails
 19482 | Lair:6   | Reached XP level 14. HP: 143/143 MP: 15/15
 19632 | Lair:6   | Found a frozen archway.
 19646 | IceCv    | Entered an ice cave
 19650 | IceCv    | Received a gift from Trog
 20032 | IceCv    | Found the amulet of the Air {Inacc +Fly rElec EV+5 RMsl}
 21622 | Lair:6   | Received a gift from Trog
 21628 | Lair:6   | Got an encrusted flail {god gift}
 21629 | Lair:6   | Identified the +6 flail of the Valley of Death {elec, rElec
                  | rC- MR++ SInv} (Trog gifted it to you on level 6 of the
                  | Lair of Beasts)
 23547 | D:11     | Found a portal to a secret trove of treasure.
 24630 | D:12     | Identified the +7 leather armour "Hoxzu" {MR+}
 24874 | D:12     | Received a gift from Trog
 25491 | D:13     | Found a corrupted altar of Lugonu.
 25570 | D:13     | Got a bloodstained shield
 25581 | D:13     | Identified the +0 shield of Distant Shores {rF++ MR- Dex+5}
                  | (You found it on level 13 of the Dungeon)
 25762 | D:13     | Reached ****** piety under Trog
 25818 | D:13     | Reached XP level 15. HP: 137/149 MP: 16/16
 26438 | D:14     | Found a shimmering altar of Xom.
 26839 | D:14     | Received a gift from Trog
 27031 | D:14     | Found a gate to the Vaults.
 27148 | D:14     | Found Fecsosm's Distillery.
 27165 | D:14     | Bought a potion of agility for 48 gold pieces
 27165 | D:14     | Bought a potion of heal wounds for 60 gold pieces
 27801 | D:15     | Entered Level 15 of the Dungeon
 27895 | D:13     | Reached skill level 5 in Throwing
 28606 | D:15     | Found a staircase to the Depths.
 28638 | D:15     | Found a glowing golden altar of the Shining One.
 29585 | Orc:1    | Entered Level 1 of the Orcish Mines
 29611 | Orc:1    | Noticed Fannar
 29634 | Orc:1    | Killed Fannar
 29791 | Orc:1    | Found Neygofoj's Armour Emporium.
 29817 | Orc:1    | Bought a +1 cloak of poison resistance for 216 gold pieces
 29817 | Orc:1    | Bought a +1 hat for 176 gold pieces
 30128 | Orc:2    | Entered Level 2 of the Orcish Mines
 30164 | Orc:2    | Found a staircase to the Elven Halls.
 30412 | Orc:2    | Found a roughly hewn altar of Beogh.
 30412 | Orc:2    | Found Bulidoj's Food Emporium.
 30587 | Orc:2    | Found a roughly hewn altar of Beogh.
 30604 | Orc:2    | Found Oduof's Assorted Antiques.
 30668 | Orc:2    | Found a roughly hewn altar of Beogh.
 30675 | Orc:2    | Received a gift from Trog
 30708 | Orc:2    | Noticed an orc warlord
 30986 | Orc:2    | Killed an orc warlord
 31064 | Orc:2    | Found a roughly hewn altar of Beogh.
 31377 | Orc:2    | Found Joitu's Antique Weapon Shoppe.
 31378 | Orc:2    | Found a roughly hewn altar of Beogh.
 31383 | Orc:2    | Found Ywnipa's Antique Armour Emporium.
 31388 | Orc:2    | Bought gold dragon scales for 1920 gold pieces
 31653 | Swamp:1  | Entered Level 1 of the Swamp
 31687 | Swamp:1  | HP: 7/158 [alligator (6)]
 31704 | Swamp:1  | Noticed Jorgrun
 32042 | Swamp:1  | Killed Jorgrun
 32744 | Lair:2   | Paralysed by a hornet for 1 turns
 32748 | Lair:2   | Received a gift from Trog
 33404 | Swamp:1  | Reached XP level 16. HP: 139/167 MP: 17/17
 34328 | Swamp:2  | Reached skill level 10 in Armour
 35872 | Swamp:3  | Noticed a thorn hunter
 35893 | Swamp:3  | Killed a thorn hunter
 36394 | Swamp:4  | Entered Level 4 of the Swamp
 36405 | Swamp:3  | Received a gift from Trog
 37083 | Swamp:4  | Noticed a thorn hunter
 37411 | Swamp:3  | Killed a thorn hunter
 39072 | Swamp:4  | Got a decaying rune of Zot
 39393 | Snake:1  | Entered Level 1 of the Snake Pit
 39569 | Snake:1  | Received a gift from Trog
 39569 | Snake:1  | Reached XP level 17. HP: 175/180 MP: 18/18
 39660 | Snake:1  | Reached skill level 10 in Dodging
 39789 | Snake:1  | Noticed Asterion
 39793 | Snake:1  | Noticed an Executioner
 39806 | Snake:1  | Killed Asterion
 40521 | Snake:1  | Noticed Josephine
 40539 | Snake:1  | Killed Josephine
 41191 | Snake:2  | Received a gift from Trog
 42250 | Snake:2  | Received a gift from Trog
 43216 | Snake:2  | Identified Lee's Tome of Dusty Conjuration
 43652 | Snake:3  | Noticed Vashnia
 44854 | Snake:3  | Killed Vashnia
 44854 | Snake:3  | Reached XP level 18. HP: 124/189 MP: 19/19
 45220 | Snake:3  | Received a gift from Trog
 45555 | Snake:4  | Entered Level 4 of the Snake Pit
 46908 | Snake:4  | Reached skill level 15 in Armour
 46986 | Snake:3  | Received a gift from Trog
 48457 | Snake:4  | Reached skill level 15 in Fighting
 48836 | Snake:4  | Got a serpentine rune of Zot
 48943 | Snake:4  | Noticed Roxanne
 49086 | Snake:4  | Noticed Agnes
 49091 | Snake:4  | Received a gift from Trog
 49101 | Snake:4  | Noticed Louise
 49107 | Snake:4  | Killed Agnes
 49125 | Snake:4  | Killed Louise
 50270 | Vaults:1 | Entered Level 1 of the Vaults
 50396 | Vaults:1 | Reached XP level 19. HP: 171/206 MP: 20/20
 50653 | Vaults:1 | HP: 10/206 [entropy weaver (15)]
 50653 | Vaults:1 | Slain by an entropy weaver

Vault maps used:
D:1:      elethiomel_arrival_quiet, nemelex_xobeh_ov_fountains_minmay
D:2:      nicolae_gozag_seed_capital
D:3:      cheibrodos_sewer_entry_bend, serial_rivers,
          chequers_serial_rivers_large_b, chequers_serial_rivers_micro_b,
          chequers_serial_rivers_micro_a, chequers_serial_rivers_micro_c,
          chequers_serial_rivers_micro_c, uniq_jessica, uniq_natasha,
          uniq_grinder
D:4:      minmay_distorted, uniq_ijyb
D:5:      first_ration
D:6:      kennysheep_generic_room_14, uniq_duvessa
D:7:      minmay_temple_entry_ruins, enter_bailey_2, uniq_prince_ribbit1
D:8:      erik_lair_island, wad_mini_maze, uniq_pikel, uniq_psyche, uniq_joseph,
          uniq_erica
D:9:      tso_altar, david_nohive_1
D:10:     david_orc_2
D:11:     nicolae_trove_entry_free_sample, nicolae_two_hexagons, minmay_holes,
          kennysheep_generic_room_15
D:12:     minmay_beelzebubs_servants
D:13:     tgw_lugonu_bribe
D:14:     david_vaults_4, serial_shops, shop_statue, lemuel_statue_altar
D:15:     grunt_enter_depths_hoard, serial_park_tiny_pond, basic_altar
Lair:1:   grunt_megastairs_3, uniq_nergalle
Lair:2:   beast_lair_carwin_large_3, swamp_mist, infiniplex_staircase_pool
Lair:3:   dummy_snake_entry, kennysheep_catoblepas_arena
Lair:4:   beast_lair_carwin_2, lemuel_fruit_tree, uniq_snorg
Lair:5:   slime_altar_1, minmay_lair_oklob_chamber, uniq_kirke
Lair:6:   minmay_lair_end_enchanted_forest, portal_ice_cave_entry_pillars_1
Swamp:1:  evilmike_swamp_ruin_rubble_2, uniq_jorgrun
Swamp:2:  evilmike_swamp_ruin_rubble_1
Swamp:3:  evilmike_swamp_ruin_house_2, swamp_pool2
Swamp:4:  swamp_alternative
Snake:1:  grunt_ministairs_11, uniq_josephine, uniq_asterion
Snake:2:  kennysheep_snake, serial_bayou_pond_d, grunt_megastairs_2
Snake:3:  uniq_vashnia
Snake:4:  snake_pit, uniq_agnes, uniq_louise, uniq_roxanne
Orc:1:    serial_shops, shop_coins, uniq_fannar
Orc:2:    grunt_orc_community_town_hall, grunt_orc_community_big_house_2,
          grunt_orc_community_big_house_1, grunt_orc_community_house_2,
          grunt_orc_community_house_1, grunt_orc_community_house_3,
          grunt_orc_community_house_2, grunt_orc_community_house_3,
          grunt_orc_community_house_2
Vaults:1: vaults_room_pools, hangedman_vaults_restitches,
          hangedman_vaults_cutoff, sword_in_stone, v_misc_13,
          hangedman_vaults_hat
Sewer:    sewer_kobolds
IceCv:    ice_cave_small_dragons

Skill      XL: |  1  2  3  4  5  6  7  8  9 10 11 12 13 14 15 16 17 18 |
---------------+-------------------------------------------------------+-----
Maces & Flails | 3 4 5 8 10 12 15 16 | 16.7
Shields        | 3 6 8 10 | 10.1
Armour         | 2 4 5 8 9 11 14 15 | 15.3
Throwing       | 2 5 |  5.6
Dodging        | 5 6 8 9 11 | 11.5
Fighting       | 10 12 14 16 | 16.8
Evocations     | 2 |  2.2

Action                   |  1- 3 |  4- 6 |  7- 9 | 10-12 | 13-15 | 16-18 | 19-21 || total
-------------------------+-------+-------+-------+-------+-------+-------+-------++-------
Melee: Mace              |    95 |   118 |   305 |    30 |       |       |       ||   548
       Flail             |       |       |     2 |       |   995 |  1924 |    72 ||  2993
       Whip              |       |       |   139 |   681 |       |       |       ||   820
       Morningstar       |       |       |       |   198 |   667 |       |       ||   865
       Giant club        |       |       |       |       |    29 |       |       ||    29
Throw: Tomahawk          |       |       |       |     6 |     4 |       |       ||    10
       Javelin           |       |       |       |     2 |     1 |     9 |       ||    12
       Large rock        |       |       |       |       |     1 |     3 |       ||     4
Invok: Berserk           |     2 |     2 |     6 |     9 |     9 |     4 |       ||    32
       Trog's Hand       |       |     1 |     2 |     1 |     3 |     2 |       ||     9
       Brothers in Arms  |       |       |       |       |     1 |       |       ||     1
  Use: Scroll            |     4 |     1 |     9 |     8 |    16 |     5 |       ||    43
       Potion            |       |       |     4 |     2 |     6 |     6 |     1 ||    19
 Stab: Confused          |       |       |       |       |       |     1 |       ||     1
  Eat: Chunk             |     3 |     5 |    16 |    29 |    49 |     8 |       ||   110
       Ration            |       |     1 |     2 |     2 |     5 |    16 |       ||    26
Armor: Animal skin       |    28 |    29 |    15 |       |       |       |       ||    72
       Robe              |       |       |    55 |    23 |       |       |       ||    78
       Troll leather arm |       |       |       |   170 |    75 |       |       ||   245
       Ice dragon scales |       |       |       |       |   304 |       |       ||   304
       Gold dragon scale |       |       |       |       |   109 |  1121 |    63 ||  1293
Dodge: Dodged            |    56 |    43 |   106 |   311 |   472 |   391 |    27 ||  1406
Block: Large shield      |       |    22 |   215 |       |       |       |       ||   237
       Shield            |       |       |   128 |   516 |   944 |  1304 |    74 ||  2966

Table legend:
 A = Non-vault XP
 B = Vault XP
 C = Vault XP percentage of total XP
 D = Non-vault monster count
 E = Vault monster count
 F = Vault count percentage of total count
                 A         B        C        D         E       F
            +---------+---------+-------+---------+---------+-------
      Total |  185983 |  136790 |  42.4 |     745 |     349 |  31.9
            +---------+---------+-------+---------+---------+-------
        D:1 |      34 |       0 |   0.0 |      19 |       0 |   0.0
        D:2 |      62 |       0 |   0.0 |      17 |       0 |   0.0
        D:3 |     138 |     356 |  72.1 |      13 |       4 |  23.5
        D:4 |     515 |      36 |   6.5 |      15 |       1 |   6.2
        D:5 |     621 |       0 |   0.0 |      14 |       0 |   0.0
        D:6 |     848 |     213 |  20.1 |      17 |       2 |  10.5
        D:7 |    2939 |    1703 |  36.7 |      38 |       7 |  15.6
        D:8 |    1589 |    4151 |  72.3 |      32 |      14 |  30.4
        D:9 |    2710 |    1003 |  27.0 |      25 |      12 |  32.4
       D:10 |    2134 |     140 |   6.2 |      23 |       6 |  20.7
       D:11 |    3296 |     219 |   6.2 |      34 |       1 |   2.9
       D:12 |    5671 |    2611 |  31.5 |      29 |       7 |  19.4
       D:13 |    4721 |       0 |   0.0 |      38 |       0 |   0.0
       D:14 |    8719 |    2878 |  24.8 |      19 |       4 |  17.4
       D:15 |    4324 |    2130 |  33.0 |      20 |       2 |   9.1
     Lair:1 |    4535 |     897 |  16.5 |      15 |       2 |  11.8
     Lair:2 |    4621 |    2012 |  30.3 |      16 |      11 |  40.7
     Lair:3 |    2025 |    1638 |  44.7 |      10 |       3 |  23.1
     Lair:4 |    7027 |    2149 |  23.4 |      20 |       5 |  20.0
     Lair:5 |    7889 |    2325 |  22.8 |      24 |       2 |   7.7
     Lair:6 |    7413 |    8474 |  53.3 |      23 |      43 |  65.2
    Swamp:1 |   10111 |    2950 |  22.6 |      27 |       1 |   3.6
    Swamp:2 |    9108 |       0 |   0.0 |      20 |       0 |   0.0
    Swamp:3 |   18520 |    7200 |  28.0 |      54 |      10 |  15.6
    Swamp:4 |    4490 |    7375 |  62.2 |      17 |      14 |  45.2
    Snake:1 |   21293 |    4777 |  18.3 |      39 |       7 |  15.2
    Snake:2 |    6440 |   28103 |  81.4 |      11 |      44 |  80.0
    Snake:3 |   10733 |    8980 |  45.6 |      29 |       5 |  14.7
    Snake:4 |   21816 |   32067 |  59.5 |      42 |      45 |  51.7
      Orc:1 |     837 |    1023 |  55.0 |       8 |       1 |  11.1
      Orc:2 |    1202 |    6272 |  83.9 |      16 |      66 |  80.5
   Vaults:1 |    9602 |       0 |   0.0 |      21 |       0 |   0.0
      Sewer |       0 |     137 | 100.0 |       0 |      11 | 100.0
      IceCv |       0 |    4971 | 100.0 |       0 |      19 | 100.0
            +---------+---------+-------+---------+---------+-------
